 Dungeon Crawl Stone Soup version 0.27-a0-972-gd1521fd518 (webtiles) character file.

Game seed: 3528114632056390341

283 siradein the Magician (level 6, 0/40 HPs)
             Began as a Djinni Air Elementalist on Apr 13, 2021.
             Killed from afar by an orc wizard (4 damage)
             ... with a magic dart
             ... on level 4 of the Dungeon.
             The game lasted 00:10:21 (4026 turns).

siradein the Magician (Djinni Air Elementalist)     Turns: 4026, Time: 00:10:22

Health: 0/40       AC:  2    Str:  7    XL:     6   Next: 28%
Gold:   66         EV: 12    Int: 19    God:
                   SH:  5    Dex: 13

rFire    + + .     SeeInvis .   b - +8 autumn katana {vorpal, Clar}
rCold    x . .     Faith    .   (no shield)
rNeg     + . .     Spirit   .   a - +0 robe
rPois    ∞         Reflect  +   (no helmet)
rElec    .         Harm     .   (no cloak)
rCorr    .         Rampage  .   (no gloves)
Will     .....     Clarity  +   (boots unavailable)
Stlth    ++........             c - amulet of reflection
HPRegen  0.13/turn              h - ring of positive energy
MPRegen  0.00/turn              (no ring)

@: flying
A: fire resistance 2, cold vulnerability 1, float, innate caster, hp casting,
extra vitality 1
a: no special abilities


You were on level 4 of the Dungeon.
You visited 1 branch of the dungeon, and saw 4 of its levels.

You collected 66 gold pieces.

Inventory:

Hand Weapons
 b - the +8 autumn katana (weapon) {vorpal, Clar}
   (You acquired it on level 4 of the Dungeon)

   It inflicts extra damage upon your enemies.
   It protects you against confusion.
Armour
 a - a +0 robe (worn)
Jewellery
 c - an amulet of reflection (around neck)
 h - a ring of positive energy (left hand)
 j - an amulet of magic regeneration
 m - a ring of protection from cold
Scrolls
 i - a scroll of amnesia
 q - a scroll of torment {unknown}
Potions
 d - a potion of haste {unknown}
 f - a potion of curing {unknown}
 k - a potion of ambrosia {unknown}
 n - a potion of attraction {unknown}
 p - a potion of cancellation {unknown}


   Skills:
 - Level 2.1 Dodging
 - Level 1.5 Stealth
 + Level 5.8 Spellcasting


You couldn't memorise any spells.
You knew the following spells:

 Your Spells              Type           Power      Damage    Failure   Level
a - Shock                 Conj/Air       100%       1d9       1%          1
b - Swiftness             Air            27%        N/A       1%          2
c - Static Discharge      Conj/Air       27%        N/A       3%          3
d - Airstrike             Air            13%        N/A       11%         4
e - Lightning Bolt        Conj/Air       13%        1d27      28%         5
f - Magic Dart            Conj           100%       1d8       1%          1
g - Call Imp              Summ           27%        N/A       1%          2
Your spell library was empty.

Dungeon Overview and Level Annotations

Branches:
Dungeon (4/15)
 Temple: D:4-7

Altars:
Ashenzari
Fedhas
Sif Muna
Trog


Innate Abilities, Weirdness & Mutations

You are immune to poison.
Your flesh is very heat resistant. (rF++)
You are vulnerable to cold. (rC-)
You float through the air rather than walking.
You learn spells naturally, not from books.
Your magical power is your life essence.
You have superior vitality. (+4 HP)


Message History

* * * LOW HITPOINT WARNING * * *
Casting: Static Discharge (dangerous; 3% risk of failure)
Confirm with . or Enter, or press ? or * to list all spells.
The orc priest is struck by an arc of lightning.
The orc priest is almost dead.
The orc wizard is struck by an arc of lightning.
The orc wizard is almost dead.
You are struck by an arc of lightning.
* * * LOW HITPOINT WARNING * * *
The lightning grounds out.
* * * LOW HITPOINT WARNING * * *
The orc priest misses you.
Unknown command.
Casting: Static Discharge (dangerous; 3% risk of failure)
Confirm with . or Enter, or press ? or * to list all spells.
You don't have enough health to cast this spell.
You hear the slow rusting of a very distant drain.
You block the orc wizard's attack.
Found 2 boomerangs.
The orc wizard closely misses you.
The orc priest calls upon Beogh to heal the orc wizard.
The orc wizard is healed somewhat.
Casting: Static Discharge (dangerous; 3% risk of failure)
Confirm with . or Enter, or press ? or * to list all spells.
You don't have enough health to cast this spell.
The orc wizard casts a spell at you. You resist with some effort.
Found a ring mail.
The orc priest looks encouraged for a moment.
The orc wizard casts a spell at you. You resist with some effort.
The orc wizard casts a spell at itself.
The orc wizard flickers and vanishes!
Deactivating autopickup; reactivate with Ctrl-A.
You see here a +0 ring mail.
The orc priest calls upon Beogh to heal the orc wizard.
The orc wizard is healed somewhat.
The orc wizard points at you and mumbles some strange words.
The magic dart hits you.
You die...

..# ###...######
....# ###..)........
#...###...{.........
#......oo.oo.......
##.....####o.......
#...### #..######
#....# #..# ...$....
#.[# ........ #.@#
......... ##..#
........>. ##..#
...(... ##.# ..# ..#
... #..


You could see an orc priest and 2 orc wizards.

Vanquished Creatures
  A phantom (D:4)
  An orc priest (D:4)
  An orc wizard (D:2)
  3 adders (D:2)
  A gnoll (D:3)
  A white imp (D:3)
  2 adder skeletons
  A worm (D:2)
  2 dart slugs (D:1)
  12 orcs
  7 endoplasms
  4 giant cockroaches
  7 goblins
  4 hobgoblins
  7 jackals
  8 kobolds
  6 quokkas
  9 ball pythons
  4 bats
  A frilled lizard (D:2)
  9 rats
91 creatures vanquished.

Notes
Turn   | Place    | Note
-------+----------+-------------------------------------------
     0 | D:1      | siradein the Djinni Air Elementalist began the quest for
                  | the Orb.
     0 | D:1      | Reached XP level 1. HP: 15/15 MP: 0/0
   136 | D:1      | Reached skill level 3 in Spellcasting
   308 | D:1      | Reached XP level 2. HP: 15/21 MP: 0/0
   831 | D:1      | Reached XP level 3. HP: 23/25 MP: 0/0
   831 | D:1      | Learned a level 1 spell: Magic Dart
  1145 | D:1      | Found a faded altar of an unknown god.
  1307 | D:1      | Identified the Compendium of Frigorific Evil Secrets
  1809 | D:2      | Reached skill level 4 in Spellcasting
  1963 | D:2      | Reached XP level 4. HP: 24/31 MP: 0/0
  2324 | D:2      | Reached XP level 5. HP: 18/35 MP: 0/0
  2324 | D:2      | Learned a level 2 spell: Call Imp
  3350 | D:3      | Found a broken altar of Ashenzari.
  3354 | D:3      | Reached skill level 5 in Spellcasting
  3555 | D:3      | Found a bloodstained altar of Trog.
  3804 | D:3      | Found a blossoming altar of Fedhas.
  3864 | D:4      | Noticed a phantom
  3869 | D:4      | Killed a phantom
  3870 | D:4      | Reached XP level 6. HP: 14/40 MP: 0/0
  4011 | D:4      | Identified a scroll of acquirement
  4011 | D:4      | Acquired the +8 autumn katana {vorpal, Clar}
  4012 | D:4      | Found the +8 autumn katana {vorpal, Clar}
  4026 | D:4      | Killed from afar by an orc wizard

Illustrated notes

Levels and vault maps discovered:
D:1:      saegor_arrival_simple_d, layout_basic,
          chequers_ecumenical_altar_simple, hangedman_decor_lopped, st_stairs_2,
          minmay_fountain_box, minmay_tripent
D:2:      layout_rooms
D:3:      corexii_shack_village, layout_basic,
          nzn_overflow_gifts_of_might_and_magic, ashenzari_conservatory_becter,
          lemuel_coloured_pillars_altar, serial_aquarium,
          aquarium_bridge_long_separate [aquarium_subvault_wall,
          aquarium_subvault_bridge, aquarium_subvault_bridge,
          aquarium_subvault_wall, aquarium_subvault_bridge,
          aquarium_subvault_window], aquarium_window_corridor_1,
          aquarium_window_1, aquarium_window_2, aquarium_window_fake,
          aquarium_view_2c
D:4:      layout_layer_cave, serial_bayou, serial_bayou_pond_d,
          serial_bayou_pond_d, serial_bayou_pond_e, serial_bayou_shore_b,
          ebering_ghost_rock_garden, portal_sewer_entry_f, minmay_quantized

Skill      XL: |  1  2  3  4  5 |
---------------+----------------+-----
Spellcasting   | 3 4 5 |  5.8
Dodging        | |  2.1
Stealth        | |  1.5

Action                   |  1- 3 |  4- 6 || total
-------------------------+-------+-------++-------
 Cast: Shock             |    98 |    78 ||   176
       Static Discharge  |       |     8 ||     8
  Use: Scroll            |       |     5 ||     5
Armor: Robe              |     2 |       ||     2
Dodge: Dodged            |     6 |    11 ||    17
Block: Other             |     1 |     5 ||     6
       Reflection        |       |     1 ||     1

Table legend: (Time is in decaauts)
 A = Elapsed time spent in this place.
 B = Non-inter-level travel time spent in this place.
 C = Inter-level travel time spent in this place.
 D = Time resting spent in this place.
 E = Time spent auto-exploring this place.
 F = Levels seen in this place.
 G = Mean time per level.
                   A        B        C        D        E       F      G
               +--------+--------+--------+--------+--------+-----+--------+
         Total |   4023 |   3924 |     99 |     84 |   3474 |   4 | 1005.8 |
       Dungeon |   4023 |   3924 |     99 |     84 |   3474 |   4 | 1005.8 |
               +--------+--------+--------+--------+--------+-----+--------+

Top non-repeatable levels by time:
     D:1: 1455 daAuts
     D:2: 1212 daAuts
     D:3: 1195 daAuts
     D:4: 161 daAuts
